 Dungeon Crawl Stone Soup version 0.22-a0-429-g97ce8ef (webtiles) character file.

0 Monsterracer the Ducker (level 1, -10/11 HPs)
             Began as a Spriggan Berserker on May 25, 2018.
             Was a Follower of Trog.
             Killed from afar by an orc wizard (11 damage)
             ... with a puff of flame
             ... on level 3 of the Dungeon.
             The game lasted 00:01:09 (191 turns).

Monsterracer the Ducker (Spriggan Berserker)         Turns: 191, Time: 00:01:10

Health: -10/11     AC:  2    Str: 13    XL:     1   Next: 8%
Magic:  2/2        EV: 19    Int:  8    God:    Trog [*.....]
Gold:   16         SH:  0    Dex: 15    Spells: 0/0 levels left

rFire    . . .     SeeInvis +   a - +0 short sword
rCold    . . .     Gourm    .   (shield restricted)
rNeg     . . .     Faith    .   b - +0 animal skin
rPois    .         Spirit   .   (helmet restricted)
rElec    .         Reflect  .   (no cloak)
rCorr    .         Harm     .   (gloves unavailable)
MR       .....                  (boots unavailable)
Stlth    ++........             (no amulet)
HPRegen  0.03/turn              (no ring)
MPRegen  0.08/turn              (no ring)

@: very quick
A: very small, unfitting armour, see invisible, herbivore, speed 3, slow
metabolism 2
a: Berserk, Renounce Religion


You were on level 3 of the Dungeon.
You worshipped Trog.
Trog was aware of your devotion.
You were not hungry.

You visited 1 branch of the dungeon, and saw 3 of its levels.

You collected 16 gold pieces.

Inventory:

Hand Weapons
 a - a +0 short sword (weapon)
Armour
 b - a +0 animal skin (worn)
Potions
 d - a potion of agility {unknown}
 e - a potion of brilliance {unknown}
Comestibles
 c - 2 rations


   Skills:
 - Level 2.4 Fighting
 - Level 3.2 Short Blades
 - Level 4.4 Dodging
 + Level 0.4 Stealth


You couldn't memorise any spells.
You didn't know any spells.
Your spell library was empty.

Dungeon Overview and Level Annotations

Branches:
Dungeon (3/15)

Altars:


Innate Abilities, Weirdness & Mutations

You are very small and have problems with some larger weapons.
You are too small for most types of armour.
You have supernaturally acute eyesight. (SInv)
You are a herbivore.
You cover ground extremely quickly.
You need to consume almost no food.


Message History

c - 2 rations (gained 1)
A frilled lizard comes into view.
There is an escape hatch in the floor here.
The frilled lizard hisses angrily.
You see here 16 gold pieces.
You now have 16 gold pieces.
There is an escape hatch in the floor here.
Really go through this one-way escape hatch?
You slide downwards.
The hatch slams shut behind you.
A hobgoblin comes into view. It is wielding a club.
Found 8 gold pieces, 29 bolts and a ration.
A hobgoblin is nearby!
A frilled lizard comes into view.
The frilled lizard hisses angrily.
The hobgoblin shouts!
A hobgoblin comes into view. It is wielding a club.
The hobgoblin shouts!
An adder comes into view.
Found an orange potion.
The adder bites you.
You take 3 damage, and have 8/11 hp.
MASSIVE DAMAGE!!
Found a smoky puce potion.
You see here an orange potion.
d - an orange potion The adder completely misses you.
A bat comes into view.
The bat closely misses you.
You miss the bat. The bat closely misses you. The bat closely misses you.
The bat hits you.
You see here a smoky puce potion.
You take 1 damage, and have 7/11 hp.
e - a smoky puce potion The bat misses you.
The adder closely misses you. The bat completely misses you.
The adder misses you. The bat closely misses you. The bat closely misses you.
The bat misses you. The bat closely misses you. The bat completely misses you.
You open the door. The bat misses you.
There is an open door here.
The bat misses you. The bat misses you. The bat hits you but does no damage.
The bat misses you. The bat closely misses you.
Found a stone staircase leading down.
The bat closely misses you. The bat misses you. The bat closely misses you.
The bat barely misses you. The bat closely misses you.
The bat closely misses you.
There is a stone staircase leading down here.
The bat completely misses you.
You climb downwards.
There is a stone staircase leading up here.
HP restored.
A bat comes into view.
The bat moves out of view.
Health restored: 11 The bat is too close now for your liking.
The bat closely misses you. The bat hits you.
You take 1 damage, and have 10/11 hp.
The bat closely misses you. The bat hits you but does no damage.
The bat misses you.
An orc wizard comes into view. It is wielding an enchanted dagger.
The orc wizard shouts!
An orc comes into view. It is wielding a short sword.
The bat closely misses you.
An orc priest comes into view. It is wielding a hand axe.
The bat closely misses you.
The orc priest shouts!
The bat completely misses you. The orc wizard casts a spell at you.
The puff of flame hits you!
Ouch! That really hurt!
* * * LOW HITPOINT WARNING * * *
The orc shouts!
You take 9 damage, and have 1/11 hp.
MASSIVE DAMAGE!!
You aren't carrying any scrolls.
You closely miss the bat. The bat misses you. x2
You hit the bat.
The bat is heavily wounded.
The bat barely misses you. The orc wizard casts a spell at you.
The puff of frost misses you.
The puff of frost hits the bat.
The bat dies!
You see here a bat corpse.
The orc wizard gestures wildly while chanting.
The orc wizard seems to speed up.
Found 17 arrows.
A bat comes into view.
The orc wizard gestures at you while chanting.
The puff of flame hits you!
Ouch! That really hurt!
You die...

######### .#
#...†oo.# .#
#.#####....... #o#
####.# #.# .# #.# .#
##.##########(##.##.
#.....o.....@.......
#..#########.###.##.
#..# #..b #####..#
...... #...#..##.#
#....... #.........#
...##.## #..<#.###.#
#..# .# #...#.# ..
#..# . #...... .


You could see an orc wizard.

Vanquished Creatures (others)
  A bat (D:3)
1 creature vanquished.

Notes
Turn   | Place    | Note
-------+----------+-------------------------------------------
     0 | D:1      | Monsterracer the Spriggan Berserker began the quest for the Orb.
     0 | D:1      | Reached XP level 1. HP: 11/11 MP: 2/2
   168 | D:3      | Noticed an orc wizard
   170 | D:3      | Noticed an orc priest
   171 | D:3      | HP: 1/11 [orc wizard/puff of flame (9)]
   191 | D:3      | Killed from afar by an orc wizard

Vault maps used:
D:1:      dpeg_arrival_houses_and_road
D:2:      first_ration, grunt_ministairs_1, hex_medium,
          minmay_misc_feat_pillars, minmay_misc_feat_chi
D:3:      regret_index_temple_of_mockery, led_sif_book, tso_altar

Action                   || total
-------------------------++-------
Melee: Short sword       ||     3
Armor: Animal skin       ||     2
Dodge: Dodged            ||    35

Table legend:
 A = Spawn XP
 B = Non-spawn XP
 C = Spawn XP percentage of total XP
 D = Spawn monster count
 E = Non-spawn monster count
 F = Spawn count percentage of total count
 G = Total turns spent on level
                    A         B        C        D         E        F      G
               +---------+---------+-------+---------+---------+-------+---------
         Total |       0 |       1 |   0.0 |       0 |       1 |   0.0 |   191
               +---------+---------+-------+---------+---------+-------+---------
           D:3 |       0 |       1 |   0.0 |       0 |       1 |   0.0 |   123
               +---------+---------+-------+---------+---------+-------+---------

Vault maps used:
D:1:      dpeg_arrival_houses_and_road
D:2:      first_ration, grunt_ministairs_1, hex_medium,
          minmay_misc_feat_pillars, minmay_misc_feat_chi
D:3:      regret_index_temple_of_mockery, led_sif_book, tso_altar
